 Dungeon Crawl Stone Soup version 0.26-a0-712-ga5a9c9c9d0 (webtiles) character file.

Game seed: 5533030482220099201

560 kae the Changer (level 7, -1/57 HPs)
             Began as a Naga Transmuter on Nov 4, 2020.
             Slain by a water moccasin (7 damage)
             ... on level 7 of the Dungeon.
             The game lasted 00:03:37 (5282 turns).

kae the Changer (Naga Transmuter)                   Turns: 5282, Time: 00:03:38

Health: -1/57      AC:  4    Str: 15    XL:     7   Next: 31%
Magic:  12/13      EV: 10    Int: 13    God:
Gold:   180        SH:  0    Dex: 11    Spells: 10/14 levels left

rFire    + . .     SeeInvis +     - Unarmed
rCold    + . .     Faith    .   (no shield)
rNeg     . . .     Spirit   .   a - +0 robe
rPois    +         Reflect  .   o - +1 hat
rElec    .         Harm     .   p - scarf {rC+ rF+}
rCorr    .         Rampage  .   (no gloves)
MR       .....                  (no barding)
Stlth    +.........             (no amulet)
HPRegen  0.19/turn              (no ring)
MPRegen  0.13/turn              (no ring)

@: mighty, flying, very slow
A: large, see invisible, deformed body, poison resistance, slowness 2, spit
poison 1, AC +2
a: Spit Poison


You were on level 7 of the Dungeon.
You visited 1 branch of the dungeon, and saw 5 of its levels.

You collected 180 gold pieces.

Inventory:

Armour
 a - a +0 robe (worn)
 o - a +1 hat (worn)
 p - a scarf of resistance (worn)
Jewellery
 h - an uncursed ring of see invisible {unknown}
 n - an uncursed ring of magical power {unknown}
 t - a cursed ring of attention {unknown}
Scrolls
 c - 3 scrolls of remove curse {unknown}
 d - 3 scrolls of identify {unknown}
 e - a scroll of enchant weapon {unknown}
 g - a scroll of enchant armour {unknown}
 i - 2 scrolls of teleportation {unknown}
 k - a scroll of magic mapping {unknown}
 l - a scroll of immolation {unknown}
 m - a scroll of amnesia {unknown}
Potions
 b - 3 potions of flight
 q - a potion of cancellation {unknown}
 r - a potion of heal wounds {unknown}
 s - a potion of stabbing {unknown}
 u - a potion of lignification {unknown}


   Skills:
 - Level 1.0 Fighting
 - Level 1.5 Dodging
 + Level 4.5 Unarmed Combat
 - Level 4.0 Spellcasting
 * Level 5.2 Transmutations
 - Level 3.0 Poison Magic


You had 10 spell levels left.
You knew the following spells:

 Your Spells              Type           Power        Failure   Level
a - Beastly Appendage     Tmut           ###...       2%          1
b - Spider Form           Tmut/Pois      ##........   12%         3

Your spell library contained the following spells:

 Spells                   Type           Power        Failure   Level
 Wereblood                Tmut           ###.....     3%          2
 Blade Hands              Tmut           ###.......   54%         5
 Ice Form                 Ice/Tmut       #.......     56%         4


Dungeon Overview and Level Annotations

Branches:
Dungeon (7/15)
 Temple: D:4-7

Altars:
Dithmenos
Elyvilon
Xom

Shops:
D:4 =}


Innate Abilities, Weirdness & Mutations

You cannot wear boots.
Your serpentine skin is tough. (AC +2)
You have supernaturally acute eyesight. (SInv)
Armour fits poorly on your strangely shaped body.
Your system is resistant to poisons. (rPois)
You cover ground very slowly.
You can spit poison.


Message History

The water moccasin bites you.
* * * LOW HITPOINT WARNING * * *
It was a potion of flight.
You feel very buoyant.
You fly up into the air.
* * * LOW HITPOINT WARNING * * *
You feel very sick. The water moccasin barely misses you.
It was a potion of curing.
You feel better. The water moccasin bites you!
* * * LOW HITPOINT WARNING * * *
The water moccasin bites you but does no damage.
You feel better. The water moccasin bites you.
* * * LOW HITPOINT WARNING * * *
It was a potion of might.
You feel very mighty all of a sudden.
You have got your breath back.
The water moccasin bites you.
* * * LOW HITPOINT WARNING * * *
The water moccasin bites you!
You die...

.........# #.#
...
...#########.##
#.. .### ##...#
..# .# ##....#
#..# .#
##.....###...#
##
#........#...#
#............#
#######......#
##.@.|.#
##S....#
#.###.... ..#
### #.# #.. ##?
#


You could see a water moccasin (poisoned).

Vanquished Creatures
  Sigmund (D:3)
  A bullfrog (D:7)
  A howler monkey (D:4)
  A centaur zombie (D:7)
  A hound (D:4)
  Ijyb (D:2)
  An orc wizard (D:3)
  Robin (D:2)
  A worker ant zombie (D:7)
  6 adders
  3 worms
  2 dart slugs
  3 leopard geckos
  8 orcs
  10 bats
  5 giant cockroaches
  19 goblins
  9 hobgoblins
  9 kobolds
  2 quokkas
  A ball python (D:3)
  3 frilled lizards
  8 rats
97 creatures vanquished.

Notes
Turn   | Place    | Note
-------+----------+-------------------------------------------
     0 | D:1      | kae the Naga Transmuter began the quest for the Orb.
     0 | D:1      | Reached XP level 1. HP: 18/18 MP: 3/3
    80 | D:1      | Reached XP level 2. HP: 21/25 MP: 3/5
   525 | D:1      | Reached skill level 3 in Transmutations
   591 | D:1      | Reached XP level 3. HP: 28/31 MP: 4/6
   761 | D:1      | Learned a level 3 spell: Spider Form
  1391 | D:2      | Reached skill level 1 in Poison Magic
  1926 | D:2      | Reached XP level 4. HP: 38/38 MP: 5/7
  2294 | D:2      | Found a shadowy altar of Dithmenos.
  2361 | D:2      | Noticed Robin
  2374 | D:2      | Killed Robin
  2384 | D:2      | Reached XP level 5. HP: 39/44 MP: 2/8
  2916 | D:3      | Noticed Ijyb
  2967 | D:2      | Killed Ijyb
  3789 | D:3      | Noticed Sigmund
  3799 | D:3      | Killed Sigmund
  3799 | D:3      | Reached skill level 4 in Transmutations
  3799 | D:3      | Reached XP level 6. HP: 43/51 MP: 6/11
  4250 | D:4      | Found Xouziopp's Gadget Boutique.
  4295 | D:4      | Reached XP level 7. HP: 30/57 MP: 9/12
  4869 | D:4      | Found a shimmering altar of Xom.
  4872 | D:4      | Found Bynaon's Jewellery Emporium.
  4877 | D:4      | You fall into a shaft and drop 3 floors!
  4956 | D:7      | Found a white marble altar of Elyvilon.
  5106 | D:7      | Reached skill level 5 in Transmutations
  5279 | D:7      | HP: 1/57 [poisoned by a water moccasin]
  5282 | D:7      | Slain by a water moccasin

Illustrated notes

Levels and vault maps discovered:
D:1:      roderic_octagonal_star, layout_basic
D:2:      layout_loops_corners, grunt_dithmenos_smoke, uniq_robin,
          uniq_crazy_yiuf_cottage
D:3:      layout_loops_cross, nrook_mini_vaults, bh_walls_and_bars,
          uniq_sigmund, uniq_ijyb
D:4:      layout_basic, kennysheep_little_box, serial_co_window_serial,
          co_window_corner_a, co_window_of_opportunity_a, co_window_corner_a,
          co_window_corner_a, co_window_paths_a, co_window_of_opportunity_a,
          co_window_of_opportunity_a, co_window_paths_a, co_window_paths_a,
          co_window_2corner, co_window_unsneaky_path_a, co_window_broadway_c,
          co_window_cross_3, co_window_4corner_b, glass_columns_a,
          glass_columns_a, glass_columns_a, serial_shops, nicolae_shop_crystal,
          nicolae_shop_crystal, xom_teletrap_fun, uniq_menkaure
D:7:      layout_layer_cave, overflow_temple_1_default

Skill      XL: |  1  2  3  4  5  6  7 |
---------------+----------------------+-----
Transmutations | 3 4 5 |  5.2
Poison Magic   | 1 2 3 |  3.0
Unarmed Combat | 4 |  4.5
Spellcasting   | 3 4 |  4.0
Fighting       | |  1.0
Dodging        | |  1.5

Action                   |  1- 3 |  4- 6 |  7- 9 || total
-------------------------+-------+-------+-------++-------
Melee: Unarmed           |    93 |   158 |    27 ||   278
       Headbutt          |     6 |     2 |       ||     8
 Cast: Beastly Appendage |    26 |     7 |       ||    33
       Spider Form       |     1 |    16 |     9 ||    26
 Abil: Spit Poison       |    22 |    20 |     9 ||    51
  Use: Potion            |       |       |     4 ||     4
Armor: Robe              |    24 |    18 |     1 ||    43
       Skin              |       |    10 |     1 ||    11
Dodge: Dodged            |    70 |   144 |    27 ||   241

Table legend: (Time is in decaauts)
 A = Elapsed time spent in this place.
 B = Non-inter-level travel time spent in this place.
 C = Inter-level travel time spent in this place.
 D = Time resting spent in this place.
 E = Time spent auto-exploring this place.
 F = Levels seen in this place.
 G = Mean time per level.
                   A        B        C        D        E       F      G
               +--------+--------+--------+--------+--------+-----+--------+
         Total |   6284 |   6087 |    197 |      6 |   5299 |   5 | 1256.8 |
       Dungeon |   6284 |   6087 |    197 |      6 |   5299 |   5 | 1256.8 |
               +--------+--------+--------+--------+--------+-----+--------+

Top non-repeatable levels by time:
     D:2: 2300 daAuts
     D:3: 1632 daAuts
     D:1: 1094 daAuts
     D:4: 760 daAuts
     D:7: 496 daAuts
